[Event "European Corporate Championship 2022"]
[Site "Rotterdam"]
[Date "2022.06.18"]
[Round "4.9"]
[White "Van Wely, Loek"]
[Black "Afek, Yochanan"]
[Result "1-0"]
[ECO "D20"]
[WhiteElo "2618"]
[BlackElo "2210"]
[Annotator "TA"]
[PlyCount "75"]
[EventDate "2022.06.18"]
[EventType "team-tourn"]
[EventCountry "NED"]
[SourceTitle "playchess.com"]
[Source "ChessBase"]
[SourceQuality "1"]
[TimeControl "900+5"]

1. d4 d5 2. c4 dxc4 3. e4 c5 4. d5 e6 5. Nc3 exd5 6. Nxd5 Ne7 7. Bxc4 Nxd5 8. Bxd5 Be7 9. Ne2 O-O 10. O-O Nd7 {[%emt 0:00:25] D20: Queen's Gambit Accepted: 3 e3 and 3 e4.} 11. Nc3 Nf6 12. Bf4 Nxd5 {[%emt 0:01:01] White is slightly better.} 13. Nxd5 Bd6 {[%emt 0:01:49] Against Bc7} 14. e5 Bb8 15. Qb3 Be6 {[%emt 0:02:39] [#]} 16. Rfd1 $146 ({Predecessor:} 16. Rad1 b6 17. Bg3 Bc7 18. f4 Bxd5 19. Rxd5 Qe7 20. f5 Rad8 21. Rfd1 Rxd5 22. Rxd5 {1-0 (40) Greenfeld,A (2570)-Gyimesi,Z (2571) Tel Aviv 2001}) 16... Bxd5 17. Rxd5 Qb6 18. Qc2 Qb4 19. Bd2 Qh4 20. Qxc5 a6 21. g3 Qh3 (21... Qg4 $16 {was called for.}) 22. Be3 ({Much less strong is} 22. Bb4 Ba7 23. Qc2 Rad8 $16) (22. Bc3 $18) 22... Ba7 23. Qa3 Bxe3 24. Qxe3 Rac8 25. Qe4 Rc6 26. Rd6 Rfc8 27. Rad1 {[%emt 0:00:13] [#] Intending Rd8+ and mate.} g6 28. Qf4 $40 {[%emt 0:01:24][%cal Oe5e6][%mdl 128] e6! is the strong threat. White goes for the king.} ({Avoid the trap} 28. e6 $2 Rxd6 29. exf7+ Kxf7 30. Qxb7+ Kg8 31. Qb3+ Re6 $19) 28... h6 $2 (28... Qf5 29. Qxf5 gxf5) 29. Qf6 {[%emt 0:00:25] White threatens Rd8+ and mate. White is clearly winning.} Rxd6 30. exd6 $18 {[%emt 0:00:03][%cal Be5d6,Bd6d7][%mdl 4128] Endgame And now d7 would win. KQR-KQR} ({Not} 30. Qxd6 Qf5 $16) 30... Qd7 31. Re1 {[%emt 0:00:38] [#] Threatens to win with Re7.} Rf8 32. Re7 Qc6 33. Rc7 Qe4 34. d7 {[%emt 0:00:15] Active counter play!} Qd3 35. Rxb7 (35. Kg2 $142 Kh7 36. Rc8 Qd5+ 37. Qf3 Qxd7 38. Rxf8) 35... Qd1+ 36. Kg2 {[%emt 0:00:02] Black must now prevent Rc7.} Qd5+ 37. Qf3 Qxa2 (37... Qc4 $142 38. Ra7 Qd4) 38. Qc6 {[%emt 0:00:24] Weighted Error Value: White=0.34/Black=0.19 (very precise)} 1-0

[Event "European Corporate Championship 2022"]
[Site "Rotterdam"]
[Date "2022.06.18"]
[Round "4.10"]
[White "Theulings, Paul-Peter"]
[Black "Lambrechts, Koen"]
[Result "0-1"]
[ECO "D79"]
[WhiteElo "2063"]
[BlackElo "2349"]
[Annotator "TA"]
[PlyCount "112"]
[EventDate "2022.06.18"]
[EventType "team-tourn"]
[EventCountry "NED"]
[SourceTitle "playchess.com"]
[Source "ChessBase"]
[SourceQuality "1"]
[TimeControl "900+5"]

1. Nf3 Nf6 2. c4 g6 3. g3 Bg7 4. Bg2 O-O 5. O-O c6 6. d4 d5 7. cxd5 cxd5 8. Ne5 Nfd7 9. f4 Nxe5 10. dxe5 {[%emt 0:00:10] [#] was the old line (10.fxe5).} d4 $146 {[%emt 0:01:01] Prevents Be3. D79: Fianchetto Grünfeld: Symmetrical Variation (6 0-0 c6 7 cxd5 cxd5).} ({Predecessor:} 10... Qb6+ 11. Rf2 d4 12. Nd2 Be6 13. b3 Nc6 14. Nc4 Qa6 15. Qd3 Rfd8 16. Bd2 Rac8 17. Nb2 Qa3 18. Nc4 {½-½ (101) Keymer,V (2591)-Ghasi,A (2485) Chess.com INT 2021}) 11. e3 Nc6 12. Bxc6 bxc6 {[%emt 0:00:02] White is slightly better.} 13. exd4 Qb6 14. Nc3 Rd8 15. Be3 Qxb2 16. Na4 Qb5 17. Rb1 Qa5 18. Qb3 {[%emt 0:02:21] [#]} (18. Rf2 $11) 18... Be6 ({Better is} 18... Bh3 $1 $17 {Strongly threatening ...Rab8.} 19. Rfc1 Be6) 19. Qb4 $11 {[%emt 0:00:06] Against Rab8} Qd5 20. Nc3 Qd7 21. Ne4 (21. Rfc1 $11 {remains equal.}) 21... Bxa2 $17 22. Nc5 ({White should try} 22. Ra1 Rdb8 23. Qc5) 22... Qf5 {[%emt 0:00:33] Threatens to win with ...a5.} 23. Rb2 (23. Ra1 $17 {keeps fighting.} Rdb8 24. Qc3) 23... Bd5 24. Ra1 Qh5 25. Rf2 {[%emt 0:00:17] Inhibits Qf3.} a5 26. Qd2 a4 {[%emt 0:00:34] White must now prevent ...Rdb8.} 27. Rxa4 {[%emt 0:00:33] [#]} (27. Qd3 $17) 27... Rxa4 (27... Qf5 $1 $19 {And now ...Rxa4 would win.} 28. Rxa8 Rxa8) 28. Nxa4 $15 Ra8 29. Nc3 Ra1+ 30. Rf1 Rxf1+ 31. Kxf1 Bf3 32. Qf2 h6 33. Na4 Bf8 34. Nc5 (34. Kg1 $15) 34... Bd5 $17 {[%emt 0:00:06] ...Qd1+ is the strong threat.} 35. Qe2 {[%emt 0:00:15] Against Qd1+} Qf5 (35... Qh3+ $17 36. Kg1 h5) 36. g4 $15 Qb1+ 37. Kf2 e6 38. Nd7 Be7 {[%emt 0:00:40][%cal Re7h4] A strong pair of Bishops.} 39. Nf6+ $1 Kg7 40. Nxd5 cxd5 $11 {[%emt 0:00:05][%mdl 4096] Endgame KQB-KQB} 41. g5 (41. Kg2 $15) 41... Qf5 {[%emt 0:00:09][%cal Rh6g5] Black is more active.} 42. Qf3 hxg5 43. fxg5 {[%emt 0:00:02][%mdl 8192] This move loses the game for White.} (43. Kg3 $17) 43... Bxg5 $19 44. Bxg5 Qxg5 $17 {[%emt 0:00:01] KQ-KQ} 45. Ke1 {[%emt 0:00:09] Prevents Qd2+.} (45. Qc3) 45... Qh4+ (45... Qg1+ $142 46. Ke2 Qxd4 47. Qf6+ Kg8) 46. Ke2 (46. Qg3 $142 Qe4+ 47. Kf1) 46... Qxh2+ $19 47. Kd3 Qh4 48. Kc3 Qg5 49. Kb4 Qf5 50. Qe3 g5 51. Kc5 Qf4 52. Qd3 g4 {[%emt 0:00:01] Black mates.} 53. Kd6 g3 54. Qe2 Qxd4 55. Qh5 Qf4 56. Ke7 g2 {[%emt 0:00:08] Weighted Error Value: White=0.83/Black=0.40} 0-1

[Event "European Corporate Championship 2022"]
[Site "Rotterdam"]
[Date "2022.06.18"]
[Round "4.11"]
[White "Groenewold, Jan Joris"]
[Black "Malachi, Avraham"]
[Result "0-1"]
[ECO "A70"]
[WhiteElo "2134"]
[BlackElo "1997"]
[Annotator "TA"]
[PlyCount "66"]
[EventDate "2022.06.18"]
[EventType "team-tourn"]
[EventCountry "NED"]
[SourceTitle "playchess.com"]
[Source "ChessBase"]
[SourceQuality "1"]
[TimeControl "900+5"]

1. d4 Nf6 2. Nf3 g6 3. c4 Bg7 4. Nc3 O-O 5. e4 d6 6. h3 c5 7. d5 e6 8. Bd3 exd5 9. cxd5 Nbd7 10. O-O Re8 11. Re1 a6 {[%emt 0:00:28] 11...Ne5 injects fresh life into this line.} 12. a4 Ne5 {[%emt 0:00:30] A70: Modern Benoni: 6 e4 g6 7 Nf3.} 13. Nxe5 dxe5 (13... Rxe5 $14 14. Bf4 Re8) 14. Be3 Qd6 {[%emt 0:00:21] White is better.} 15. a5 Bd7 16. Nb1 {[%emt 0:00:00] [#]} (16. b3 $142) 16... Bb5 $146 ({Black should play} 16... c4 17. Bc2 Nh5) ({Predecessor:} 16... c4 17. Bc2 Rac8 18. Nc3 Red8 19. Qd2 Nh5 20. Ba4 Nf4 21. Bxd7 Rxd7 22. Na4 Rdd8 {0-1 (49) Korn,A (2010)-Weiss,L (2157) Austria 2013}) 17. Qc2 Rac8 18. Na3 Bxd3 19. Qxd3 Nd7 20. Nc4 Qe7 21. Qb3 Rb8 22. Rac1 f5 23. f3 Kh8 24. Red1 fxe4 (24... Red8 $142 25. Nb6 Bf8 26. Nxd7 Rxd7 27. Rxc5 (27. Bxc5 Qf6 $16) 27... Qf6) 25. fxe4 $18 Qh4 26. Qd3 Nf6 27. Nd2 ({Less strong is} 27. Bxc5 Nxe4 28. Bb6 Rf8 $16) 27... Bh6 28. Bxh6 ({Much less strong is} 28. Rxc5 b6 29. Rc6 Qg3 $18) 28... Qxh6 29. Rxc5 Nh5 30. d6 Nf4 31. d7 $4 {[%emt 0:00:00][%mdl 8192] [#]} Nxd3 $19 {[%emt 0:00:18] Black is clearly winning.} 32. dxe8=Q+ Rxe8 33. Rc3 Nxb2 {[%emt 0:00:32] Weighted Error Value: White=0.45/Black=0.35} 0-1

[Event "European Corporate Championship 2022"]
[Site "Rotterdam"]
[Date "2022.06.18"]
[Round "4.12"]
[White "Breger, Baruch"]
[Black "Muller, Kenneth"]
[Result "1/2-1/2"]
[ECO "B22"]
[WhiteElo "1739"]
[BlackElo "1884"]
[Annotator "NA RC"]
[PlyCount "57"]
[EventDate "2022.06.18"]
[EventType "team-tourn"]
[EventCountry "NED"]
[SourceTitle "playchess.com"]
[Source "ChessBase"]
[SourceQuality "1"]
[TimeControl "900+5"]

1. e4 c5 2. Nf3 d6 3. c3 Nf6 4. Be2 Nc6 5. d4 cxd4 6. cxd4 g6 7. Nc3 Bg7 8. O-O O-O 9. Re1 d5 10. e5 Ne8 11. Be3 Nc7 12. Qd2 Re8 13. Bh6 Bh8 14. a3 f6 15. Bd3 Ne6 16. Bc2 Bg7 17. Rad1 f5 18. Bb3 Nc7 19. Bxg7 Kxg7 20. Qg5 e6 21. Qg3 Rf8 22. h4 f4 23. Qg5 h6 24. Qxd8 Rxd8 25. Nh2 Na5 26. Ba4 Bd7 27. Bxd7 Rxd7 28. Ng4 Ne8 29. Ne2 1/2-1/2

[Event "European Corporate Championship 2022"]
[Site "Rotterdam"]
[Date "2022.06.18"]
[Round "4.13"]
[White "Pardo Simon, David"]
[Black "Konijn, Bart"]
[Result "1-0"]
[ECO "A12"]
[WhiteElo "2461"]
[BlackElo "2224"]
[Annotator "TA"]
[PlyCount "59"]
[EventDate "2022.06.18"]
[EventType "team-tourn"]
[EventCountry "NED"]
[SourceTitle "playchess.com"]
[Source "ChessBase"]
[SourceQuality "1"]
[TimeControl "900+5"]

1. Nf3 Nf6 2. e3 d5 3. c4 c6 4. b3 g6 5. Bb2 Bg7 6. Be2 O-O 7. O-O Bf5 {[%emt 0:01:12] A12: English Opening: 1...c6 with b3 by White.} 8. Nc3 Nbd7 9. Nd4 e5 ({Black should try} 9... e6 $14) 10. Nxf5 $16 gxf5 11. cxd5 cxd5 {[%emt 0:00:02] [#]} 12. Rc1 $146 ({Predecessor:} 12. d4 e4 13. g3 Nb6 14. a4 a5 15. Nb5 Re8 16. Rc1 Rc8 17. Qd2 Rxc1 18. Rxc1 {1-0 (31) Lashkin,J (2386)-Jaferian,K (2218) Chess.com INT 2022}) 12... a6 13. Na4 Qe7 14. Rc7 b5 {[%emt 0:02:02] Loses the game.} (14... Rab8 $16) 15. Nb6 $1 $18 Rab8 16. Nxd7 Nxd7 17. Qc2 Qd8 18. Rc6 Rc8 19. Rxc8 Qxc8 20. Qxf5 Nb6 21. Bg4 Qc7 22. Rc1 Qd6 23. Qh5 $40 {[%emt 0:00:24][%cal Of2f4][%mdl 128] Strongly threatening f4! White wants a kill.} a5 $2 (23... d4 24. Bf5 h6) 24. Bf5 {[%emt 0:00:25][%csl Gf5][%cal Rh5h7] [#]} h6 25. Bd3 {[%emt 0:00:24] A strong pair of Bishops.} e4 $2 (25... b4 26. f4 Nd7) 26. Qg4 f6 $2 (26... Qg6 27. Qxg6 fxg6) 27. Bxb5 Qb4 28. Qe6+ (28. Rc7 $142 Rf7 29. Qe6 Nd7 30. Rxd7 Qf8 31. Qxd5 a4 32. Bc4 Kh8 33. Rxf7) 28... Kh8 29. Qxb6 Qxd2 30. Qd4 {[%emt 0:00:02] Weighted Error Value: White=0.38/Black=0.92} 1-0

[Event "European Corporate Championship 2022"]
[Site "Rotterdam"]
[Date "2022.06.18"]
[Round "4.14"]
[White "Schelvis, Richard"]
[Black "Jain Aum"]
[Result "1-0"]
[ECO "D34"]
[WhiteElo "2157"]
[BlackElo "1591"]
[Annotator "TA"]
[PlyCount "139"]
[EventDate "2022.06.18"]
[EventType "team-tourn"]
[EventCountry "NED"]
[SourceTitle "playchess.com"]
[Source "ChessBase"]
[SourceQuality "1"]
[TimeControl "900+5"]

1. d4 e6 2. Nf3 d5 3. g3 Nf6 4. Bg2 c5 5. O-O Nc6 6. c4 cxd4 7. Nxd4 Bc5 8. Nb3 Be7 9. cxd5 exd5 10. Nc3 Be6 11. Bg5 O-O 12. Nd4 h6 {[%emt 0:01:29] D34: Tarrasch Defence: 6 g3 Nf6 7 Bg2 Be7.} 13. Bf4 Bd6 {[%emt 0:00:34] [#]} (13... Qb6 $5 14. Nxe6 fxe6 $11) 14. Bxd6 $146 ({Predecessor:} 14. Nxe6 fxe6 15. Bxd6 Qxd6 16. Rc1 Rad8 17. Qa4 a6 18. e3 Ne5 19. Qd4 Rd7 20. f4 {1-0 (54) Goy,U (2236)-Kripp,W (2038) Bad Woerishofen 2005}) 14... Qxd6 {[%emt 0:00:01] White is slightly better.} 15. e3 Rad8 16. Rc1 a6 17. Nce2 g5 18. a3 Bg4 19. Qc2 Rc8 {[%emt 0:03:10] [#] aiming for ...Nxd4.} 20. Nf5 Bxf5 21. Qxf5 Qe6 22. Qd3 Ne5 23. Qb3 b5 24. Nd4 Qd7 25. Rfd1 Rxc1 26. Rxc1 Nc4 {[%emt 0:00:00] White now steadily converts the win.} 27. Rd1 Rd8 28. Qc2 h5 (28... Rc8 $14) 29. Qc1 (29. Nf5 $142) 29... Nd6 {[%emt 0:00:13] [#]} (29... Ne5 $16 {was necessary.}) 30. Qc6 (30. e4 $1 $18 Nfxe4 31. Bxe4 Nxe4 32. f3) 30... Nde4 (30... Qxc6 $16 {was worth a try.} 31. Nxc6 Rd7) 31. Qxa6 Rb8 32. Qc6 Qxc6 33. Nxc6 Rb7 34. Nb4 Rd7 35. Nxd5 {[%emt 0:00:23] And now Bxe4 would win.} Rxd5 (35... Kg7 $142 36. Rd4 Rxd5) 36. Rxd5 $18 Nxd5 37. Bxe4 {[%emt 0:00:01][%mdl 4096] Endgame KB-KN} Nc7 38. Bf3 g4 39. Bc6 f6 (39... Kf8 $142 40. h3 Ke7) 40. b3 Kf7 41. a4 bxa4 42. bxa4 Ke6 43. Kf1 Kd6 44. Bb5 Kc5 45. Ke2 Kd5 46. Kd3 Ke5 47. Bc4 Ne8 48. a5 Nd6 49. a6 {[%emt 0:00:04] White wants to mate with a7.} Nc8 50. Bf7 Kd6 51. Bxh5 Kc6 52. Bxg4 {[%emt 0:00:02] White mates.} Nd6 53. Bf3+ Kb6 54. Bb7 Nf5 55. h4 Nh6 56. Kd4 Ng4 57. h5 Ne5 58. h6 Ng6 59. Kd5 f5 60. Ke6 f4 61. exf4 Nh8 62. Kf6 Ka7 63. Kg7 Kb6 64. Kxh8 Ka7 65. Kg7 Kb6 66. h7 Ka7 67. h8=Q Kb6 68. Bg2 Ka5 69. Qb8 Ka4 70. a7 {[%emt 0:00:00] Weighted Error Value: White=0.20 (precise) /Black=0.43} 1-0

[Event "European Corporate Championship 2022"]
[Site "Rotterdam"]
[Date "2022.06.18"]
[Round "4.15"]
[White "Maral Pranav"]
[Black "Jap Tjoen San, Linda"]
[Result "0-1"]
[ECO "B07"]
[WhiteElo "1329"]
[BlackElo "2045"]
[Annotator "TA"]
[PlyCount "97"]
[EventDate "2022.06.18"]
[EventType "team-tourn"]
[EventCountry "NED"]
[SourceTitle "playchess.com"]
[Source "ChessBase"]
[SourceQuality "1"]
[TimeControl "900+5"]

1. d4 d6 2. e4 Nf6 3. f3 Nbd7 4. Bc4 c6 5. Nc3 e5 6. Nge2 {[%emt 0:00:17] B07: Pirc Defence: Miscellaneous Systems.} a5 7. a4 Be7 8. Be3 {[%emt 0:00:28] White has an edge.} O-O 9. Qd2 b6 {[%emt 0:01:38] [#]} (9... exd4 $14 10. Bxd4 (10. Qxd4 Re8 $11) 10... Nb6) 10. O-O-O $146 ({Predecessor:} 10. O-O Ba6 11. Bxa6 Rxa6 12. Ng3 g6 13. d5 cxd5 14. Nxd5 Nxd5 15. Qxd5 Ra8 16. Ne2 {0-1 (50) Kajmakoski,K (2055)-Jankov,S (2152) Struga 2008}) 10... Ba6 11. Bb3 (11. Bxa6 $18 Rxa6 12. Kb1) 11... Bxe2 (11... b5 $1 $11) 12. Nxe2 b5 13. Nc3 {[%emt 0:00:48] Inhibits d5.} (13. Ng3 $16) 13... b4 14. Ne2 Re8 15. g4 {[%emt 0:00:20][%cal Bg2g4,Bg4g5][%mdl 32] g5 is the strong threat.} Nf8 ({Better is} 15... c5) 16. g5 Nh5 17. h4 Rc8 18. dxe5 dxe5 19. Qe1 Qc7 20. Ng3 Nxg3 (20... Nf4 $16) 21. Qxg3 $18 Ne6 22. h5 {[%emt 0:00:35] [#] aiming for g6.} c5 {[%emt 0:00:17] White must now prevent ...c4.} 23. Bc4 Bf8 24. g6 h6 {[%emt 0:00:25] [#]} (24... Kh8 $142 25. gxf7 Qxf7) 25. Bxh6 $1 fxg6 (25... b3 26. cxb3) 26. Qxg6 Qf7 27. Be3 {[%emt 0:01:27] A strong pair of Bishops.} Rc7 28. Qg4 Kh7 29. Rdg1 Qf6 30. Qg6+ Qxg6 31. hxg6+ Kg8 32. Rh7 Bd6 33. Bg5 Be7 34. Rgh1 $2 Bxg5+ $16 35. Kb1 Bh6 $2 (35... Kf8 $16 {is a better chance.}) 36. R1xh6 $18 gxh6 (36... Kf8 $142 37. Rh5 Ke7 38. Rxe5 Kf6) 37. Rxc7 {[%emt 0:00:02][%mdl 4096] Endgame KRB-KRN} Kh8 38. Rh7+ Kg8 39. Kc1 Kf8 40. Rf7+ Kg8 41. Bd5 h5 42. Kd1 h4 43. Ke2 Nd4+ 44. Kd2 h3 45. Rh7+ (45. Re7+ $142 Kf8 46. Rxe8+ Kg7 47. Rg8+ Kf6 48. Ke3) 45... Kf8 (45... Ne6 $18 46. Ke3 Kf8 47. Rxh3 (47. Rh8+ Kg7 $18) 47... Kg7 48. Rh7+ Kxg6) 46. Rxh3 (46. g7+ $142 Ke7 47. g8=Q+ Kd8 48. Qf7 Nb3+ 49. cxb3 Re7 50. Qxe7+ Kc8 51. Rh8#) 46... Kg7 47. Bf7 Rd8 48. Rh7+ Kf6 49. Kc1 $2 {[%emt 0:00:14][%mdl 32768] Weighted Error Value: White=0.76/Black=0.89. Sensor Board Error (Ke4/e5)?} (49. Rh5 $18) 0-1

[Event "European Corporate Championship 2022"]
[Site "Rotterdam"]
[Date "2022.06.18"]
[Round "4.17"]
[White "Kanyamarala, Tarun"]
[Black "Giri, Anish"]
[Result "0-1"]
[ECO "D00"]
[WhiteElo "2388"]
[BlackElo "2761"]
[Annotator "TA"]
[PlyCount "80"]
[EventDate "2022.06.18"]
[EventType "team-tourn"]
[EventCountry "NED"]
[SourceTitle "playchess.com"]
[Source "ChessBase"]
[SourceQuality "1"]
[TimeControl "900+5"]

1. d4 Nf6 2. Nc3 d5 3. Bf4 e6 4. Nb5 Bb4+ 5. c3 Ba5 6. e3 {[%emt 0:00:16] D00: 1 d4 d5: Unusual lines.} O-O 7. Nf3 Nbd7 8. Bd3 {[%emt 0:00:10] The position is equal.} a6 9. Na3 Re8 10. O-O c5 {[%emt 0:00:03] [#]} 11. Ne5 $146 ({Predecessor:} 11. dxc5 Nxc5 12. Bc2 Bc7 13. Be5 Nfe4 14. Qd4 Bxe5 15. Nxe5 f6 16. Nd3 e5 17. Qb4 {1-0 (57) Bettalli,F (2287)-Marcinczyk,M (1967) Chess.com INT 2022}) 11... Bc7 12. Qf3 Nxe5 13. Bxe5 Nd7 14. Bxc7 Qxc7 15. Qh3 Nf6 16. Qh4 $1 e5 17. dxe5 Qxe5 18. Nc2 Bf5 19. Ne1 Be4 20. Nf3 Qf5 21. Be2 Rad8 22. Rac1 h6 23. Rfd1 Rd7 24. h3 Rde7 25. Ne1 Qc8 26. Nd3 Qc6 27. Qg3 a5 28. Bf1 b6 29. b3 Bf5 30. c4 dxc4 31. Rxc4 Bc8 32. Nf4 Re5 33. Rc2 Rg5 34. Qh4 (34. Qh2 $5 ) 34... Ne4 35. Bc4 (35. f3 $1 $11 {remains equal.} Ng3 36. e4) 35... Qf6 {[%emt 0:00:02][%cal Og5d5] aiming for ...Rd5!} 36. Kh1 $2 {[%emt 0:01:01][%mdl 8192] [#] White does not recover from this.} (36. Kh2 $15) 36... Rd5 $3 $19 {[%emt 0:00:12][%mdl 512] Black is clearly winning.} 37. Bxd5 Qxh4 38. Bxe4 Rxe4 39. Rcd2 Bb7 {[%emt 0:00:26] Hoping for ...Rxf4.} 40. Rd7 Rxf4 {[%emt 0:00:06] Weighted Error Value: White=0.46/Black=0.08 (flawless)} 0-1

[Event "European Corporate Championship 2022"]
[Site "Rotterdam"]
[Date "2022.06.18"]
[Round "4.18"]
[White "Geldhof, Alexander"]
[Black "Flynn, Jacob"]
[Result "1/2-1/2"]
[ECO "C50"]
[WhiteElo "1833"]
[BlackElo "2205"]
[Annotator "TA"]
[PlyCount "97"]
[EventDate "2022.06.18"]
[EventType "team-tourn"]
[EventCountry "NED"]
[SourceTitle "playchess.com"]
[Source "ChessBase"]
[SourceQuality "1"]
[TimeControl "900+5"]

1. e4 e5 2. Nf3 Nc6 3. Bc4 Nf6 4. d3 Bc5 5. Bg5 h6 6. Bh4 Be7 {[%emt 0:00:38] C50: Hungarian Defence and Giuoco Pianissimo.} 7. Nc3 d6 8. h3 {[%emt 0:00:25] [#]} ({White should play} 8. a4 $11) 8... Be6 {[%emt 0:01:09] [#]} (8... Nxe4 $1 $15 9. Bxe7 Nxc3 10. Bxd8 Nxd1 11. Bxc7 Nxb2 12. Bxd6 Nxc4 13. dxc4 f6) 9. Bxe6 $146 ({Predecessor:} 9. Bxf6 Bxf6 10. Nd5 Bxd5 11. Bxd5 Qd7 12. c3 Ne7 13. Bb3 c6 14. d4 O-O 15. dxe5 {1-0 (39) Vlassov,N (2352)-Shahade,G (2476) Chess.com INT 2020}) 9... fxe6 10. Qd2 {[%emt 0:00:04] [#]} (10. d4 $11 {remains equal.}) 10... Nxe4 $1 $17 11. Nxe4 Bxh4 12. O-O-O Be7 13. Kb1 Qd7 14. d4 exd4 $1 15. Nxd4 O-O-O 16. Rhe1 d5 17. Nc3 Bb4 (17... Bg5 $15 18. f4 Bh4) 18. Nxe6 $14 Rde8 19. Nd4 {[%emt 0:00:41] Pair of Knights!} (19. Qxd5 $14 Qxd5 20. Rxd5) 19... Ne5 $11 20. a3 Nc4 21. Qd3 Bxc3 22. Qxc3 Nd6 (22... Rxe1 $11 {keeps the balance.} 23. Rxe1 b6) 23. f3 {[%emt 0:00:38] White is more active.} (23. Qc5 $16) 23... Kb8 24. Nb3 Nc4 (24... Rxe1 $11 25. Rxe1 b6) 25. Rxe8+ $16 Qxe8 26. Rxd5 Nb6 27. Rc5 (27. Rd4 $18) 27... Qf7 $2 (27... Na4 $17 {stays on course.} 28. Qd4 (28. Qxg7 Nxc5 29. Nxc5 Rg8 $15) 28... Nxc5 29. Nxc5 Qe2) 28. Re5 Rd8 29. Re1 Nd5 30. Qd4 {[%emt 0:00:16] Hoping for c4.} Rf8 (30... Qf8 $16 {is a better defense.} 31. Nc5 Nf6) 31. Rd1 c6 32. Nc5 Re8 33. Ne4 {[%emt 0:00:02] Threatens to win with Nd6.} Qc7 {[%emt 0:00:07] Inhibits Nd6.} 34. Qc5 Rd8 35. Ka2 $2 {[%emt 0:00:04][%mdl 8192] [#]} (35. h4 $16 {keeps the pressure on.}) 35... b6 $2 (35... Nb4+ $1 $17 36. Qxb4 Rxd1) 36. Qf2 $2 {[%emt 0:00:02][%mdl 8192] [#]} (36. Qg1 $16 {is forced if you want to stay better.}) 36... Nb4+ $1 $17 {[%emt 0:00:04][%mdl 576] Discovered Attack} 37. axb4 Rxd1 {[%emt 0:00:01][%mdl 4096] Endgame KQR-KQN} 38. Qh4 (38. Nc3 $17 Qf7+ 39. b3) 38... Qf7+ $19 39. b3 Rd7 (39... a5 $19 40. Nc3 Rd2) 40. Qg3+ $17 Rc7 41. Nd6 Qd7 42. c4 Ka8 43. c5 {[%emt 0:00:02] [#]} b5 ({Better is} 43... Qd8 $1 $17 44. Qf4 Re7) 44. Qf4 $15 {[%emt 0:00:00] aiming for Qf8+.} a6 (44... Qe7 $15) 45. Qf8+ $11 Ka7 46. Qf4 (46. f4 $11) 46... Qe7 47. Ka3 Qf6 $2 {[%emt 0:00:03][%mdl 8192] [#]} (47... Kb8 $15 {keeps the upper hand.}) 48. Nxb5+ $1 $18 {[%emt 0:00:02][%mdl 576] Discovered Attack} axb5 49. Qxc7+ {[%emt 0:00:01] Weighted Error Value: White=0.53/Black=0.57} 1/2-1/2

[Event "European Corporate Championship 2022"]
[Site "Rotterdam"]
[Date "2022.06.18"]
[Round "4.19"]
[White "Melaugh, Shane"]
[Black "Toledano Llinares, Juan A."]
[Result "1-0"]
[ECO "E73"]
[WhiteElo "2087"]
[BlackElo "2252"]
[Annotator "TA"]
[PlyCount "46"]
[EventDate "2022.06.18"]
[EventType "team-tourn"]
[EventCountry "NED"]
[SourceTitle "playchess.com"]
[Source "ChessBase"]
[SourceQuality "1"]
[TimeControl "900+5"]

1. c4 Nf6 2. Nc3 g6 3. d4 Bg7 4. e4 d6 5. Be2 b6 6. Be3 {[%emt 0:00:14] E73: King's Indian: Averbakh Variation without 6...c5.} (6. f4 {seems wilder.} Bb7 7. e5 Bxg2 8. Bf3) 6... Nbd7 7. g4 {[%emt 0:00:10] [#]} (7. Nf3 $14) 7... e6 $146 (7... h5 $11) ({Predecessor:} 7... h6 8. Qd2 Bb7 9. f3 e5 10. d5 g5 11. Bd3 a6 12. Nge2 Nf8 13. Ng3 Bc8 {½-½ (31) Serban,C (1866)-Coman,G (1404) Baile Felix 2017}) 8. g5 $16 {[%emt 0:00:05] White is better.} Ng8 9. Qc2 {[%emt 0:00:11] White is more active.} Bb7 10. O-O-O Qe7 11. Nb5 Nf8 $2 {[%emt 0:00:28] [#] This move loses the game for Black.} (11... Qd8 $16 {was worth a try.}) 12. c5 $1 $18 bxc5 (12... f5 $142) 13. dxc5 a6 $2 (13... d5 14. Nf3 Qd8) 14. cxd6 Qd7 15. Nxc7+ Kd8 16. Bb6 {[%emt 0:00:31] [#] White threatens Nxe6+ and mate.} Kc8 17. Nxa8+ Kb8 18. Nc7 h6 19. Nxa6+ Bxa6 20. Bxa6 {[%emt 0:00:04] White mates.} hxg5 21. Bc7+ Ka8 22. Bb7+ Kxb7 23. Qb3+ Kc8 {[%emt 0:02:00] Weighted Error Value: White=0.09 (flawless) /Black=0.98} 1-0